Kings vs Wild

Created - December 18 2010 at 13:46

Goals
1 2 3 T
Kings 0 1 0 1
Wild 4 0 1 5
Shots
1 2 3 T
Kings 3 12 0 15
Wild 19 3 13 35

Period #1

1. Wild , Milan Hejduk 11 (Joe Pavelski, Martin St. Louis) at 5:23 (PP)
2. Wild , Daniel Alfredsson 20 (Christopher Higgins, Freddy Meyer) at 8:00 (PP)
3. Wild , Milan Hejduk 12 (Martin St. Louis, Joe Pavelski) at 14:16 (PP)
4. Wild , Milan Hejduk 13 (Joe Pavelski) at 17:33

Penalties :
Martin Skoula (LOS) for High sticking (Minor) at 0:04, Chris Drury (MIN) for Fighting (Major) at 3:16, Colton Orr (LOS) for Fighting (Major) at 3:16, Craig Adams (LOS) for Hooking (Minor) at 5:05, Darroll Powe (LOS) for Hooking (Minor) at 7:47, Michael Del Zotto (LOS) for Slashing (Minor) at 7:50, Craig Adams (LOS) for Interference (Minor) at 13:49, Martin Skoula (LOS) for Roughing (Minor) at 18:01

Period #2

5. Kings , Daniel Winnik 7 (Ethan Moreau, Darroll Powe) at 7:11

Penalties :
Joe Pavelski (MIN) for Tripping (Minor) at 0:17, Greg Zanon (MIN) for Boarding (Minor) at 1:07, Martin Skoula (LOS) for Slashing (Minor) at 10:42, Chris Drury (MIN) for Hooking (Minor) at 13:35, Rob Niedermayer (MIN) for Holding (Minor) at 17:11, Rob Niedermayer (MIN) for Hooking (Minor) at 19:49

Period #3

6. Wild , Michal Rozsival 6 (Joe Pavelski, Ilya Bryzgalov) at 19:47 (PP)

Penalties :
Bryan Allen (LOS) for Hooking (Minor) at 3:32, Colton Orr (LOS) for Cross-checking (Minor) at 9:47, Jan Hejda (MIN) for Close Hand On Puck (Minor) at 15:35, Ethan Moreau (LOS) for Tripping (Minor) at 18:47

Goalie Stats

Nikolai Khabibulin (LOS), 30 saves from 35 shots - (0.857), L, 8-13-0, 60:00 minutes
Ilya Bryzgalov (MIN), 14 saves from 15 shots - (0.933), W, 20-14-2, 60:00 minutes

Players Stats

Kings
Player Name              G  A  P  +/- PIM S  H  SB FO    MP 
------------------------------------------------------------
Aaron Gagnon             0  0  0   0  0   0  0  1  7/13  9  
Bryan Allen              0  0  0   1  2   0  4  2  0/0   20 
Colton Orr               0  0  0   0  7   0  0  1  0/0   7  
Craig Adams              0  0  0   0  4   0  1  0  1/1   18 
Craig Conroy             0  0  0   0  0   1  0  0  9/16  16 
Daniel Winnik            1  0  1   1  0   2  1  0  4/15  20 
Darroll Powe             0  1  1   1  2   2  5  0  5/15  14 
Ethan Moreau             0  1  1   1  2   1  1  0  0/1   15 
Evgeny Artyukhin         0  0  0   0  0   0  0  0  0/0   13 
Jamie McBain             0  0  0  -1  0   1  2  2  0/0   23 
Kent Huskins             0  0  0   1  0   0  0  1  0/0   20 
Martin Skoula            0  0  0  -1  6   3  2  3  0/0   20 
Matt Duchene             0  0  0  -1  0   1  0  0  13/23 18 
Michael Del Zotto        0  0  0   0  2   0  4  0  0/0   19 
Michael Frolik           0  0  0  -1  0   3  0  0  1/1   12 
Mike Lundin              0  0  0   0  0   0  0  1  0/0   14 
Sean Bergenheim          0  0  0  -1  0   0  0  1  1/2   18 
Sergei Samsonov          0  0  0   0  0   1  0  0  0/0   9  
Wild
Player Name              G  A  P  +/- PIM S  H  SB FO    MP 
------------------------------------------------------------
Aaron Ward               0  0  0   0  0   0  3  1  0/0   16 
Brian Willsie            0  0  0   0  0   0  0  1  0/1   16 
Chris Drury              0  0  0   0  7   0  0  1  5/10  12 
Christopher Higgins      0  1  1   0  0   3  2  0  1/2   21 
Daniel Alfredsson        1  0  1   0  0   3  0  0  2/2   22 
Freddy Meyer             0  1  1   0  0   1  2  0  0/0   23 
Greg Zanon               0  0  0   0  2   1  0  0  0/0   17 
Jan Hejda                0  0  0   0  2   2  3  1  0/0   22 
Jay Leach                0  0  0   0  0   0  0  0  0/0   0  
Joe Pavelski             0  4  4   1  2   3  5  0  12/27 22 
Martin St. Louis         0  2  2   0  0   6  1  0  1/1   23 
Michal Rozsival          1  0  1   0  0   1  0  0  0/0   23 
Milan Hejduk             3  0  3   0  0   7  2  0  0/1   17 
Olli Jokinen             0  0  0   0  0   2  1  0  9/14  6  
Rob Niedermayer          0  0  0   0  4   2  6  2  12/23 18 
Robert Lang              0  0  0  -1  0   0  0  0  4/6   8  
Ryan Whitney             0  0  0   0  0   4  0  1  0/0   20 
Stephane Yelle           0  0  0   0  0   0  0  0  0/0   4  

3 Stars

1 - Milan Hejduk (MIN)
2 - Joe Pavelski (MIN)
3 - Daniel Winnik (LOS)

Power Play

Kings - 0 on 6 Attempt(s) - 0.00%
Wild - 4 on 10 Attempt(s) - 40.00%

Penalty Kill

Kings - 6 on 10 Attempt(s) - 60.00% - Score 0 goal in Penalty Kill
Wild - 6 on 6 Attempt(s) - 100.00% - Score 0 goal in Penalty Kill

Game Notes

Colton Orr beats up Chris Drury at 3:16 of 1st period
Stephane Yelle is injured at 14:39 of 1st period (Bruised Right Foot)
Milan Hejduk has scored a Hat Trick!

Finance

Level 1 -- Attendance: 4571 (70.32%) -- Ticket Income $457,100.00
Level 2 -- Attendance: 3431 (68.62%) -- Ticket Income $205,860.00
Level 3 -- Attendance: 2914 (83.26%) -- Ticket Income $101,990.00
Level 4 -- Attendance: 2064 (100.00%) -- Ticket Income $41,280.00
Luxury Box -- Attendance: 850 (85.00%) -- Ticket Income $170,000.00
Game was played at the Xcel Energy Center
Total Attendance: 13830 (76.56%)
Total Ticket Income: $1,048,686.00
Other Income: $211,646.40
Total Income: $1,260,332.00


Play by Play

Period #1

0:01 of 1st period - Chris Drury wins face-off versus Matt Duchene in neutral zone.
0:03 of 1st period - Martin St. Louis is hit by Jamie McBain and loses puck.
0:04 of 1st period - Minor Penalty to Martin Skoula for High sticking.
0:05 of 1st period - Joe Pavelski wins face-off versus Daniel Winnik in Kings zone.
0:28 of 1st period - Shot by Milan Hejduk.
0:28 of 1st period - Stopped by Nikolai Khabibulin without a rebound.
0:29 of 1st period - Olli Jokinen wins face-off versus Matt Duchene in Kings zone.
0:54 of 1st period - Shot by Freddy Meyer.
0:54 of 1st period - Stopped by Nikolai Khabibulin without a rebound.
0:55 of 1st period - Daniel Winnik wins face-off versus Joe Pavelski in Kings zone.
1:09 of 1st period - Icing by Ryan Whitney.
1:10 of 1st period - Daniel Winnik wins face-off versus Joe Pavelski in Wild zone.
2:01 of 1st period - Shot by Daniel Alfredsson.
2:01 of 1st period - Stopped by Nikolai Khabibulin with a rebound.
2:03 of 1st period - Shot by Freddy Meyer.
2:03 of 1st period - Shot Blocked by Kent Huskins.
2:05 of 1st period - Shot by Freddy Meyer.
2:05 of 1st period - Shot Misses the Net.
2:24 of 1st period - Colton Orr is hit by Aaron Ward and loses puck.
3:16 of 1st period - Colton Orr beats up Chris Drury.
3:16 of 1st period - Penalty to Chris Drury for Fighting.
3:16 of 1st period - Penalty to Colton Orr for Fighting.
3:17 of 1st period - Craig Conroy wins face-off versus Milan Hejduk in Kings zone.
3:40 of 1st period - Shot by Craig Conroy.
3:40 of 1st period - Stopped by Ilya Bryzgalov without a rebound.
3:41 of 1st period - Darroll Powe wins face-off versus Robert Lang in Wild zone.
4:13 of 1st period - Icing by Bryan Allen.
4:14 of 1st period - Rob Niedermayer wins face-off versus Darroll Powe in Kings zone.
5:05 of 1st period - Minor Penalty to Craig Adams for Hooking.
5:06 of 1st period - Matt Duchene wins face-off versus Joe Pavelski in Kings zone.
5:19 of 1st period - Shot by Martin St. Louis.
5:19 of 1st period - Stopped by Nikolai Khabibulin with a rebound.
5:21 of 1st period - Shot by Joe Pavelski.
5:21 of 1st period - Shot Misses the Net.
5:23 of 1st period - Shot by Milan Hejduk.
5:23 of 1st period - Goal by Milan Hejduk - Kings : 0 - Wild : 1.
5:24 of 1st period - Robert Lang wins face-off versus Craig Conroy in neutral zone.
7:05 of 1st period - Off-side.
7:06 of 1st period - Aaron Gagnon wins face-off versus Rob Niedermayer in neutral zone.
7:30 of 1st period - Icing by Aaron Ward.
7:31 of 1st period - Craig Conroy wins face-off versus Rob Niedermayer in Wild zone.
7:39 of 1st period - Icing by Freddy Meyer.
7:40 of 1st period - Rob Niedermayer wins face-off versus Darroll Powe in Wild zone.
7:40 of 1st period - Rob Niedermayer is hit by Darroll Powe.
7:43 of 1st period - Freddy Meyer is hit by Darroll Powe and loses puck.
7:47 of 1st period - Minor Penalty to Darroll Powe for Hooking.
7:48 of 1st period - Robert Lang wins face-off versus Craig Conroy in Kings zone.
7:50 of 1st period - Minor Penalty to Michael Del Zotto for Slashing.
7:51 of 1st period - Olli Jokinen wins face-off versus Matt Duchene in Kings zone.
7:52 of 1st period - Shot by Freddy Meyer.
7:52 of 1st period - Shot Misses the Net.
7:54 of 1st period - Shot by Daniel Alfredsson.
7:54 of 1st period - Shot Blocked by Martin Skoula.
7:56 of 1st period - Shot by Freddy Meyer.
7:56 of 1st period - Shot Misses the Net.
7:58 of 1st period - Shot by Christopher Higgins.
7:58 of 1st period - Shot Blocked by Martin Skoula.
8:00 of 1st period - Shot by Daniel Alfredsson.
8:00 of 1st period - Goal by Daniel Alfredsson - Kings : 0 - Wild : 2.
8:01 of 1st period - Joe Pavelski wins face-off versus Daniel Winnik in neutral zone.
8:20 of 1st period - Shot by Martin St. Louis.
8:20 of 1st period - Stopped by Nikolai Khabibulin without a rebound.
8:21 of 1st period - Matt Duchene wins face-off versus Olli Jokinen in Kings zone.
9:21 of 1st period - Craig Adams is hit by Joe Pavelski and loses puck.
9:26 of 1st period - Shot by Milan Hejduk.
9:26 of 1st period - Shot Blocked by Bryan Allen.
10:37 of 1st period - Icing by Kent Huskins.
10:38 of 1st period - Aaron Gagnon wins face-off versus Chris Drury in Kings zone.
10:59 of 1st period - Shot by Sergei Samsonov.
10:59 of 1st period - Stopped by Ilya Bryzgalov with a rebound.
11:09 of 1st period - Martin Skoula is hit by Martin St. Louis and loses puck.
11:30 of 1st period - Shot by Michael Frolik.
11:30 of 1st period - Shot Misses the Net.
11:33 of 1st period - Icing by Ryan Whitney.
11:34 of 1st period - Daniel Winnik wins face-off versus Joe Pavelski in Wild zone.
13:21 of 1st period - Shot by Michael Frolik.
13:21 of 1st period - Stopped by Ilya Bryzgalov with a rebound.
13:44 of 1st period - Icing by Daniel Alfredsson.
13:45 of 1st period - Chris Drury wins face-off versus Aaron Gagnon in Wild zone.
13:49 of 1st period - Minor Penalty to Craig Adams for Interference.
13:50 of 1st period - Aaron Gagnon wins face-off versus Joe Pavelski in Kings zone.
13:50 of 1st period - Aaron Gagnon is hit by Milan Hejduk.
14:02 of 1st period - Shot by Ryan Whitney.
14:02 of 1st period - Stopped by Nikolai Khabibulin without a rebound.
14:03 of 1st period - Matt Duchene wins face-off versus Joe Pavelski in Kings zone.
14:16 of 1st period - Shot by Milan Hejduk.
14:16 of 1st period - Goal by Milan Hejduk - Kings : 0 - Wild : 3.
14:17 of 1st period - Matt Duchene wins face-off versus Rob Niedermayer in neutral zone.
14:38 of 1st period - Stephane Yelle is hit by Michael Del Zotto and loses puck.
14:39 of 1st period - Stephane Yelle from Wild is injured at 14:39 of 1st period (Bruised Right Foot).
14:40 of 1st period - Joe Pavelski wins face-off versus Aaron Gagnon in Kings zone.
14:41 of 1st period - Shot by Milan Hejduk.
14:41 of 1st period - Shot Misses the Net.
15:04 of 1st period - Icing by Aaron Gagnon.
15:05 of 1st period - Aaron Gagnon wins face-off versus Rob Niedermayer in Kings zone.
15:21 of 1st period - Off-side.
15:22 of 1st period - Chris Drury wins face-off versus Darroll Powe in neutral zone.
15:35 of 1st period - Shot by Martin St. Louis.
15:35 of 1st period - Stopped by Nikolai Khabibulin without a rebound.
15:36 of 1st period - Craig Conroy wins face-off versus Joe Pavelski in Kings zone.
15:58 of 1st period - Joe Pavelski is hit by Michael Del Zotto and loses puck.
16:02 of 1st period - Icing by Mike Lundin.
16:03 of 1st period - Craig Conroy wins face-off versus Rob Niedermayer in Kings zone.
16:03 of 1st period - Craig Conroy is hit by Rob Niedermayer.
16:18 of 1st period - Evgeny Artyukhin is hit by Freddy Meyer and loses puck.
16:31 of 1st period - Shot by Martin St. Louis.
16:31 of 1st period - Shot Misses the Net.
16:35 of 1st period - Shot by Rob Niedermayer.
16:35 of 1st period - Deflect By Martin St. Louis.
16:35 of 1st period - Shot Misses the Net.
16:39 of 1st period - Shot by Martin St. Louis.
16:39 of 1st period - Deflect By Rob Niedermayer.
16:39 of 1st period - Stopped by Nikolai Khabibulin with a rebound.
17:27 of 1st period - Off-side.
17:28 of 1st period - Joe Pavelski wins face-off versus Matt Duchene in neutral zone.
17:33 of 1st period - Shot by Milan Hejduk.
17:33 of 1st period - Goal by Milan Hejduk - Kings : 0 - Wild : 4.
17:34 of 1st period - Joe Pavelski wins face-off versus Aaron Gagnon in neutral zone.
17:41 of 1st period - Milan Hejduk is hit by Jamie McBain and loses puck.
17:44 of 1st period - Shot by Ryan Whitney.
17:44 of 1st period - Stopped by Nikolai Khabibulin with a rebound.
17:46 of 1st period - Shot by Joe Pavelski.
17:46 of 1st period - Shot Blocked by Colton Orr.
17:52 of 1st period - Shot by Milan Hejduk.
17:52 of 1st period - Deflect By Joe Pavelski.
17:52 of 1st period - Shot Misses the Net.
17:56 of 1st period - Shot by Milan Hejduk.
17:56 of 1st period - Shot Blocked by Martin Skoula.
17:58 of 1st period - Shot by Christopher Higgins.
17:58 of 1st period - Shot Blocked by Jamie McBain.
18:00 of 1st period - Shot by Ryan Whitney.
18:00 of 1st period - Shot Misses the Net.
18:01 of 1st period - Minor Penalty to Martin Skoula for Roughing.
18:02 of 1st period - Matt Duchene wins face-off versus Olli Jokinen in Kings zone.
18:02 of 1st period - Matt Duchene is hit by Olli Jokinen.
18:14 of 1st period - Shot by Olli Jokinen.
18:14 of 1st period - Stopped by Nikolai Khabibulin with a rebound.
18:18 of 1st period - Shot by Christopher Higgins.
18:18 of 1st period - Shot Misses the Net.
18:20 of 1st period - Shot by Christopher Higgins.
18:20 of 1st period - Shot Misses the Net.
18:22 of 1st period - Shot by Jan Hejda.
18:22 of 1st period - Stopped by Nikolai Khabibulin without a rebound.
18:23 of 1st period - Martin St. Louis wins face-off versus Matt Duchene in Kings zone.
18:40 of 1st period - Shot by Milan Hejduk.
18:40 of 1st period - Stopped by Nikolai Khabibulin without a rebound.
18:41 of 1st period - Matt Duchene wins face-off versus Olli Jokinen in Kings zone.
19:33 of 1st period - Shot by Milan Hejduk.
19:33 of 1st period - Stopped by Nikolai Khabibulin with a rebound.
19:35 of 1st period - Shot by Ryan Whitney.
19:35 of 1st period - Shot Blocked by Jamie McBain.
19:37 of 1st period - Shot by Joe Pavelski.
19:37 of 1st period - Stopped by Nikolai Khabibulin with a rebound.
19:39 of 1st period - Shot by Ryan Whitney.
19:39 of 1st period - Stopped by Nikolai Khabibulin without a rebound.
19:40 of 1st period - Daniel Winnik wins face-off versus Joe Pavelski in Kings zone.
19:40 of 1st period - Daniel Winnik is hit by Joe Pavelski.

Period #2

0:01 of 2nd period - Rob Niedermayer wins face-off versus Craig Conroy in neutral zone.
0:10 of 2nd period - Craig Conroy is hit by Rob Niedermayer and loses puck.
0:16 of 2nd period - Off-side.
0:17 of 2nd period - Matt Duchene wins face-off versus Joe Pavelski in neutral zone.
0:17 of 2nd period - Minor Penalty to Joe Pavelski for Tripping.
0:18 of 2nd period - Matt Duchene wins face-off versus Rob Niedermayer in Wild zone.
0:25 of 2nd period - Shot by Martin Skoula.
0:25 of 2nd period - Shot Blocked by Rob Niedermayer.
0:27 of 2nd period - Shot by Jamie McBain.
0:27 of 2nd period - Shot Misses the Net.
0:31 of 2nd period - Shot by Michael Frolik.
0:31 of 2nd period - Stopped by Ilya Bryzgalov with a rebound.
0:35 of 2nd period - Shot by Matt Duchene.
0:35 of 2nd period - Stopped by Ilya Bryzgalov without a rebound.
0:36 of 2nd period - Darroll Powe wins face-off versus Chris Drury in Wild zone.
0:55 of 2nd period - Darroll Powe is hit by Freddy Meyer and loses puck.
1:04 of 2nd period - Shot by Ethan Moreau.
1:04 of 2nd period - Shot Hit the Post.
1:06 of 2nd period - Shot by Darroll Powe.
1:06 of 2nd period - Stopped by Ilya Bryzgalov with a rebound.
1:07 of 2nd period - Minor Penalty to Greg Zanon for Boarding.
1:08 of 2nd period - Rob Niedermayer wins face-off versus Matt Duchene in Wild zone.
2:15 of 2nd period - Shot by Ethan Moreau.
2:15 of 2nd period - Stopped by Ilya Bryzgalov without a rebound.
2:16 of 2nd period - Chris Drury wins face-off versus Darroll Powe in Wild zone.
2:16 of 2nd period - Chris Drury is hit by Ethan Moreau.
2:40 of 2nd period - Shot by Bryan Allen.
2:40 of 2nd period - Shot Misses the Net.
3:07 of 2nd period - Icing by Michael Frolik.
3:08 of 2nd period - Joe Pavelski wins face-off versus Craig Conroy in Kings zone.
4:00 of 2nd period - Shot by Rob Niedermayer.
4:00 of 2nd period - Shot Misses the Net.
4:07 of 2nd period - Off-side.
4:08 of 2nd period - Chris Drury wins face-off versus Matt Duchene in neutral zone.
4:42 of 2nd period - Off-side.
4:43 of 2nd period - Aaron Gagnon wins face-off versus Brian Willsie in neutral zone.
4:43 of 2nd period - Aaron Gagnon is hit by Joe Pavelski.
4:46 of 2nd period - Jamie McBain is hit by Aaron Ward and loses puck.
4:53 of 2nd period - Shot by Sergei Samsonov.
4:53 of 2nd period - Shot Blocked by Rob Niedermayer.
5:40 of 2nd period - Shot by Darroll Powe.
5:40 of 2nd period - Stopped by Ilya Bryzgalov without a rebound.
5:41 of 2nd period - Craig Conroy wins face-off versus Chris Drury in Wild zone.
5:41 of 2nd period - Craig Conroy is hit by Jan Hejda.
6:39 of 2nd period - Mike Lundin is hit by Joe Pavelski and loses puck.
6:46 of 2nd period - Shot by Milan Hejduk.
6:46 of 2nd period - Deflect By Christopher Higgins.
6:46 of 2nd period - Stopped by Nikolai Khabibulin without a rebound.
6:47 of 2nd period - Darroll Powe wins face-off versus Robert Lang in Kings zone.
6:47 of 2nd period - Darroll Powe is hit by Christopher Higgins.
7:07 of 2nd period - Shot by Kent Huskins.
7:07 of 2nd period - Deflect By Daniel Winnik.
7:07 of 2nd period - Shot Misses the Net.
7:09 of 2nd period - Shot by Darroll Powe.
7:09 of 2nd period - Shot Misses the Net.
7:11 of 2nd period - Shot by Ethan Moreau.
7:11 of 2nd period - Deflect By Daniel Winnik.
7:11 of 2nd period - Goal by Daniel Winnik - Kings : 1 - Wild : 4.
7:12 of 2nd period - Michael Frolik wins face-off versus Rob Niedermayer in neutral zone.
7:12 of 2nd period - Michael Frolik is hit by Rob Niedermayer.
7:17 of 2nd period - Icing by Aaron Ward.
7:18 of 2nd period - Rob Niedermayer wins face-off versus Aaron Gagnon in Wild zone.
7:23 of 2nd period - Martin Skoula is hit by Rob Niedermayer and loses puck.
7:38 of 2nd period - Icing by Rob Niedermayer.
7:39 of 2nd period - Christopher Higgins wins face-off versus Darroll Powe in Wild zone.
7:39 of 2nd period - Christopher Higgins is hit by Daniel Winnik.
8:17 of 2nd period - Martin St. Louis is hit by Bryan Allen.
9:19 of 2nd period - Off-side.
9:20 of 2nd period - Rob Niedermayer wins face-off versus Craig Conroy in neutral zone.
9:35 of 2nd period - Shot by Rob Niedermayer.
9:35 of 2nd period - Shot Blocked by Mike Lundin.
9:44 of 2nd period - Christopher Higgins is hit by Michael Del Zotto and loses puck.
10:06 of 2nd period - Icing by Jan Hejda.
10:07 of 2nd period - Aaron Gagnon wins face-off versus Joe Pavelski in Wild zone.
10:35 of 2nd period - Ryan Whitney is hit by Martin Skoula.
10:42 of 2nd period - Minor Penalty to Martin Skoula for Slashing.
10:43 of 2nd period - Robert Lang wins face-off versus Daniel Winnik in Kings zone.
10:54 of 2nd period - Shot by Ryan Whitney.
10:54 of 2nd period - Stopped by Nikolai Khabibulin with a rebound.
11:06 of 2nd period - Shot by Milan Hejduk.
11:06 of 2nd period - Stopped by Nikolai Khabibulin without a rebound.
11:07 of 2nd period - Matt Duchene wins face-off versus Olli Jokinen in Kings zone.
11:15 of 2nd period - Icing by Daniel Alfredsson.
11:16 of 2nd period - Matt Duchene wins face-off versus Olli Jokinen in Wild zone.
11:36 of 2nd period - Icing by Freddy Meyer.
11:37 of 2nd period - Olli Jokinen wins face-off versus Daniel Winnik in Wild zone.
11:55 of 2nd period - Icing by Michal Rozsival.
11:56 of 2nd period - Joe Pavelski wins face-off versus Matt Duchene in Wild zone.
12:49 of 2nd period - Shot by Sergei Samsonov.
12:49 of 2nd period - Shot Blocked by Brian Willsie.
12:51 of 2nd period - Shot by Martin Skoula.
12:51 of 2nd period - Deflect By Sergei Samsonov.
12:51 of 2nd period - Shot Misses the Net.
12:55 of 2nd period - Shot by Martin Skoula.
12:55 of 2nd period - Stopped by Ilya Bryzgalov without a rebound.
12:56 of 2nd period - Craig Conroy wins face-off versus Rob Niedermayer in Wild zone.
12:57 of 2nd period - Shot by Evgeny Artyukhin.
12:57 of 2nd period - Shot Misses the Net.
13:35 of 2nd period - Minor Penalty to Chris Drury for Hooking.
13:36 of 2nd period - Rob Niedermayer wins face-off versus Daniel Winnik in Wild zone.
13:36 of 2nd period - Rob Niedermayer is hit by Darroll Powe.
13:47 of 2nd period - Icing by Kent Huskins.
13:48 of 2nd period - Darroll Powe wins face-off versus Joe Pavelski in Kings zone.
14:01 of 2nd period - Shot by Kent Huskins.
14:01 of 2nd period - Shot Misses the Net.
14:03 of 2nd period - Shot by Ethan Moreau.
14:03 of 2nd period - Shot Blocked by Ryan Whitney.
14:07 of 2nd period - Shot by Daniel Winnik.
14:07 of 2nd period - Stopped by Ilya Bryzgalov without a rebound.
14:08 of 2nd period - Sean Bergenheim wins face-off versus Rob Niedermayer in Wild zone.
14:41 of 2nd period - Shot by Jamie McBain.
14:41 of 2nd period - Shot Misses the Net.
14:43 of 2nd period - Shot by Sean Bergenheim.
14:43 of 2nd period - Shot Misses the Net.
14:45 of 2nd period - Shot by Jamie McBain.
14:45 of 2nd period - Stopped by Ilya Bryzgalov with a rebound.
14:47 of 2nd period - Shot by Martin Skoula.
14:47 of 2nd period - Stopped by Ilya Bryzgalov without a rebound.
14:48 of 2nd period - Joe Pavelski wins face-off versus Ethan Moreau in Wild zone.
14:48 of 2nd period - Joe Pavelski is hit by Darroll Powe.
15:59 of 2nd period - Icing by Michael Del Zotto.
16:00 of 2nd period - Joe Pavelski wins face-off versus Craig Conroy in Kings zone.
16:11 of 2nd period - Shot by Milan Hejduk.
16:11 of 2nd period - Shot Misses the Net.
16:57 of 2nd period - Shot by Matt Duchene.
16:57 of 2nd period - Shot Blocked by Chris Drury.
16:59 of 2nd period - Shot by Michael Frolik.
16:59 of 2nd period - Stopped by Ilya Bryzgalov without a rebound.
17:00 of 2nd period - Rob Niedermayer wins face-off versus Aaron Gagnon in Wild zone.
17:02 of 2nd period - Icing by Aaron Ward.
17:03 of 2nd period - Robert Lang wins face-off versus Darroll Powe in Wild zone.
17:11 of 2nd period - Minor Penalty to Rob Niedermayer for Holding.
17:12 of 2nd period - Daniel Alfredsson wins face-off versus Darroll Powe in Wild zone.
17:37 of 2nd period - Shot by Kent Huskins.
17:37 of 2nd period - Shot Misses the Net.
17:39 of 2nd period - Shot by Darroll Powe.
17:39 of 2nd period - Shot Blocked by Jan Hejda.
19:15 of 2nd period - Mike Lundin is hit by Rob Niedermayer and loses puck.
19:49 of 2nd period - Minor Penalty to Rob Niedermayer for Hooking.
19:50 of 2nd period - Matt Duchene wins face-off versus Joe Pavelski in Wild zone.
19:59 of 2nd period - Shot by Martin Skoula.
19:59 of 2nd period - Stopped by Ilya Bryzgalov with a rebound.

Period #3

0:01 of 3rd period - Daniel Alfredsson wins face-off versus Matt Duchene in neutral zone.
0:27 of 3rd period - Icing by Jamie McBain.
0:28 of 3rd period - Matt Duchene wins face-off versus Chris Drury in Kings zone.
1:18 of 3rd period - Ethan Moreau is hit by Jan Hejda and loses puck.
1:27 of 3rd period - Shot by Ethan Moreau.
1:27 of 3rd period - Shot Hit the Post.
1:52 of 3rd period - Icing by Craig Adams.
1:53 of 3rd period - Craig Conroy wins face-off versus Rob Niedermayer in Kings zone.
2:16 of 3rd period - Shot by Evgeny Artyukhin.
2:16 of 3rd period - Shot Blocked by Aaron Ward.
2:19 of 3rd period - Icing by Aaron Ward.
2:20 of 3rd period - Rob Niedermayer wins face-off versus Aaron Gagnon in Wild zone.
2:29 of 3rd period - Shot by Rob Niedermayer.
2:29 of 3rd period - Shot Misses the Net.
2:31 of 3rd period - Shot by Aaron Ward.
2:31 of 3rd period - Shot Blocked by Aaron Gagnon.
2:33 of 3rd period - Shot by Martin St. Louis.
2:33 of 3rd period - Shot Misses the Net.
3:00 of 3rd period - Michal Rozsival is hit by Darroll Powe.
3:03 of 3rd period - Off-side.
3:04 of 3rd period - Craig Conroy wins face-off versus Chris Drury in neutral zone.
3:27 of 3rd period - Shot by Martin St. Louis.
3:27 of 3rd period - Stopped by Nikolai Khabibulin without a rebound.
3:28 of 3rd period - Joe Pavelski wins face-off versus Darroll Powe in Kings zone.
3:28 of 3rd period - Ryan Whitney is hit by Bryan Allen and loses puck.
3:32 of 3rd period - Minor Penalty to Bryan Allen for Hooking.
3:33 of 3rd period - Joe Pavelski wins face-off versus Daniel Winnik in Kings zone.
3:38 of 3rd period - Shot by Martin St. Louis.
3:38 of 3rd period - Stopped by Nikolai Khabibulin without a rebound.
3:39 of 3rd period - Olli Jokinen wins face-off versus Daniel Winnik in Kings zone.
4:07 of 3rd period - Icing by Freddy Meyer.
4:08 of 3rd period - Olli Jokinen wins face-off versus Sean Bergenheim in Wild zone.
4:37 of 3rd period - Shot by Joe Pavelski.
4:37 of 3rd period - Stopped by Nikolai Khabibulin with a rebound.
4:54 of 3rd period - Icing by Milan Hejduk.
4:55 of 3rd period - Joe Pavelski wins face-off versus Matt Duchene in Wild zone.
5:36 of 3rd period - Shot by Brian Willsie.
5:36 of 3rd period - Shot Misses the Net.
5:40 of 3rd period - Shot by Brian Willsie.
5:40 of 3rd period - Deflect By Rob Niedermayer.
5:40 of 3rd period - Stopped by Nikolai Khabibulin with a rebound.
5:44 of 3rd period - Shot by Rob Niedermayer.
5:44 of 3rd period - Shot Misses the Net.
5:46 of 3rd period - Shot by Brian Willsie.
5:46 of 3rd period - Shot Misses the Net.
5:48 of 3rd period - Shot by Rob Niedermayer.
5:48 of 3rd period - Shot Blocked by Bryan Allen.
6:11 of 3rd period - Rob Niedermayer is hit by Bryan Allen and loses puck.
6:34 of 3rd period - Shot by Milan Hejduk.
6:34 of 3rd period - Shot Misses the Net.
6:45 of 3rd period - Mike Lundin is hit by Christopher Higgins and loses puck.
7:06 of 3rd period - Craig Conroy is hit by Joe Pavelski and loses puck.
7:37 of 3rd period - Martin St. Louis is hit by Craig Adams and loses puck.
7:53 of 3rd period - Matt Duchene is hit by Jan Hejda.
8:10 of 3rd period - Matt Duchene is hit by Aaron Ward and loses puck.
8:25 of 3rd period - Shot by Freddy Meyer.
8:25 of 3rd period - Shot Blocked by Sean Bergenheim.
9:00 of 3rd period - Martin St. Louis is hit by Martin Skoula and loses puck.
9:03 of 3rd period - Shot by Joe Pavelski.
9:03 of 3rd period - Shot Misses the Net.
9:05 of 3rd period - Shot by Daniel Alfredsson.
9:05 of 3rd period - Stopped by Nikolai Khabibulin without a rebound.
9:06 of 3rd period - Rob Niedermayer wins face-off versus Darroll Powe in Kings zone.
9:47 of 3rd period - Minor Penalty to Colton Orr for Cross-checking.
9:48 of 3rd period - Craig Conroy wins face-off versus Joe Pavelski in Kings zone.
9:48 of 3rd period - Craig Conroy is hit by Milan Hejduk.
10:41 of 3rd period - Shot by Greg Zanon.
10:41 of 3rd period - Stopped by Nikolai Khabibulin with a rebound.
10:43 of 3rd period - Shot by Jan Hejda.
10:43 of 3rd period - Stopped by Nikolai Khabibulin with a rebound.
10:45 of 3rd period - Shot by Christopher Higgins.
10:45 of 3rd period - Stopped by Nikolai Khabibulin without a rebound.
10:46 of 3rd period - Olli Jokinen wins face-off versus Daniel Winnik in Kings zone.
10:49 of 3rd period - Shot by Jan Hejda.
10:49 of 3rd period - Deflect By Olli Jokinen.
10:49 of 3rd period - Stopped by Nikolai Khabibulin without a rebound.
10:50 of 3rd period - Olli Jokinen wins face-off versus Daniel Winnik in Kings zone.
11:47 of 3rd period - Milan Hejduk is hit by Michael Del Zotto.
11:54 of 3rd period - Michael Frolik is hit by Rob Niedermayer.
13:06 of 3rd period - Milan Hejduk is hit by Bryan Allen and loses puck.
13:19 of 3rd period - Shot by Martin St. Louis.
13:19 of 3rd period - Shot Misses the Net.
13:21 of 3rd period - Shot by Jan Hejda.
13:21 of 3rd period - Shot Misses the Net.
15:35 of 3rd period - Minor Penalty to Jan Hejda for Close Hand On Puck.
15:36 of 3rd period - Craig Adams wins face-off versus Joe Pavelski in Wild zone.
17:12 of 3rd period - Icing by Jamie McBain.
17:13 of 3rd period - Rob Niedermayer wins face-off versus Craig Conroy in Kings zone.
17:52 of 3rd period - Icing by Colton Orr.
17:53 of 3rd period - Aaron Gagnon wins face-off versus Joe Pavelski in Kings zone.
18:12 of 3rd period - Shot by Joe Pavelski.
18:12 of 3rd period - Stopped by Nikolai Khabibulin with a rebound.
18:38 of 3rd period - Off-side.
18:39 of 3rd period - Darroll Powe wins face-off versus Christopher Higgins in neutral zone.
18:47 of 3rd period - Minor Penalty to Ethan Moreau for Tripping.
18:48 of 3rd period - Olli Jokinen wins face-off versus Daniel Winnik in Kings zone.
18:49 of 3rd period - Shot by Christopher Higgins.
18:49 of 3rd period - Stopped by Nikolai Khabibulin without a rebound.
18:50 of 3rd period - Olli Jokinen wins face-off versus Daniel Winnik in Kings zone.
19:47 of 3rd period - Shot by Michal Rozsival.
19:47 of 3rd period - Goal by Michal Rozsival - Kings : 1 - Wild : 5.
19:48 of 3rd period - Rob Niedermayer wins face-off versus Darroll Powe in neutral zone.
19:55 of 3rd period - Shot by Martin St. Louis.
19:55 of 3rd period - Stopped by Nikolai Khabibulin without a rebound.
19:56 of 3rd period - Matt Duchene wins face-off versus Rob Niedermayer in Kings zone.


Output by the SimonT Hockey Simulator (STHS) for Stephane Roy -- Original Page W3C XHTML 1.0 Valid